Map: Thunderbird LE

Players

Reynor

  • Race: Zerg Zerg
  • Spawn Location: 11:00

Serral - Winner!

  • Race: Zerg Zerg
  • Spawn Location: 5:00

VOD

Have the link to the VOD?

Description

Time

  • Played on: Sept. 8, 2019, 5:39 p.m.
  • Length: 9:07
Show
View Real Time Build Order
Export as new Build Order

Reynor Zerg 

Build Orders: Hatch First 

Get SALT Encoding   

  12  0:00  Drone  
  13  0:12  Overlord  
  13  0:16  Drone  
  14  0:30  Drone x2  
  16  0:48  Hatchery  
  15  0:52  Drone  
  15  0:56  Drone  
  17  1:10  Spawning Pool  
  16  1:12  Drone  
  16  1:16  Drone  
  18  1:35  Hatchery  
  18  1:39  Drone  
  18  1:41  Drone  
  18  1:46  Drone  
  20  1:59  Queen  
  23  2:01  Drone  
  23  2:03  Drone  
  24  2:10  Queen  
  24  2:13  Drone  
  27  2:18  Overlord  
  27  2:21  Zergling x2  
  28  2:37  Queen  
  28  2:38  Drone x4  
  28  2:43  Zergling x2  
  35  2:46  Drone  
  35  2:50  Queen  
  38  2:54  Overlord  
  38  2:57  Drone  
  39  2:59  Drone  
  39  3:02  Zergling x2  
  39  3:05  Drone  
  42  3:14  Drone x2  
  42  3:15  Drone  
  42  3:17  Evolution Chamber  
  42  3:18  Drone  
  46  3:20  Drone x2  
  46  3:21  Drone x2  
  46  3:25  Overlord  
  49  3:32  Drone  
  50  3:36  Roach Warren, Extractor  
  50  3:37  Extractor  
  47  3:42  Overlord  
  47  3:47  Evolution Chamber, Drone  
  47  3:48  Drone  
  47  3:49  Drone x2  
  47  3:51  Drone  
  47  3:54  Overlord  
  50  4:02  Drone x7  
  56  4:05  Extractor  
  56  4:07  Drone  
  56  4:09  Drone, Extractor  
  56  4:12  Drone  
  56  4:13  Drone  
  57  4:19  Drone  
  57  4:22  Drone  
  59  4:26  Drone  
  59  4:29  Drone  
  59  4:30  Drone x2  
  59  4:31  Lair  
  63  4:32  Extractor  
  63  4:33  Drone x2  
  63  4:38  Drone  
  65  4:40  Drone  
  66  4:46  Overlord, Extractor  
  66  4:47  Evolution Chamber  
  66  4:50  Drone x2  
  66  4:54  Overlord, Zerg Missile Weapons Level 1  
  66  5:00  Overlord  
  66  5:05  Drone  
  66  5:06  Drone x7  
  74  5:09  Overlord  
  74  5:13  Drone x3  
  74  5:14  Drone, Zerg Ground Armor Level 1  
  77  5:16  Drone x2  
  80  5:25  Roach  
  80  5:26  Roach x3  
  88  5:32  Glial Reconstitution  
  88  5:33  Spire, Roach  
  88  5:35  Overlord  
  89  5:37  Drone x2  
  89  5:42  Overseer  
  91  5:44  Roach x3  
  97  5:53  Overlord, Hatchery  
  96  6:03  Roach x5  
  106  6:08  Overlord  
  103  6:29  Roach x2  
  107  6:44  Mutalisk x7  
  107  6:45  Overlord  
  107  6:46  Overlord x3  
  121  6:48  Zerg Flyer Weapons Level 1  
  121  6:50  Overlord  
  121  6:57  Hydralisk Den  
  121  6:58  Drone x2  
  122  7:06  Drone x12, Extractor  
  135  7:11  Extractor  
  135  7:12  Mutalisk x2  
  136  7:16  Overlord  
  136  7:18  Infestation Pit  
  136  7:20  Drone x2  
  137  7:33  Drone  
  137  7:35  Lurker Den  
  137  7:37  Hatchery  
  137  7:43  Hydralisk x9  
  152  7:47  Overlord  
  152  7:53  Hydralisk x2  
  152  7:54  Hydralisk x2  
  160  7:59  Overlord  
  158  8:15  Roach x13  
  158  8:18  Overlord  
  182  8:29  Overlord  
  182  8:33  Roach x7  
  184  8:38  Roach x5  
  184  8:41  Roach x5  
  182  8:44  Roach x3  
  182  8:45  Roach  
Show
View Real Time Build Order
Export as new Build Order

Serral Zerg - Winner!

Build Orders: Hatch First 

Get SALT Encoding   

  12  0:00  Drone  
  13  0:12  Overlord  
  13  0:17  Drone  
  14  0:31  Drone x2  
  16  0:47  Hatchery  
  15  0:51  Drone  
  15  0:55  Drone  
  17  0:58  Drone  
  18  1:08  Extractor  
  17  1:14  Spawning Pool  
  17  1:16  Drone  
  17  1:19  Drone  
  18  1:28  Drone  
  19  1:39  Drone  
  20  1:49  Drone  
  21  2:00  Queen x2  
  21  2:01  Overlord, Zergling x2  
  26  2:08  Metabolic Boost  
  26  2:15  Zergling x4  
  28  2:20  Spine Crawler  
  27  2:26  Drone x2  
  30  2:36  Hatchery  
  29  2:39  Drone  
  30  2:45  Queen  
  32  2:51  Overlord  
  32  2:54  Drone  
  33  3:00  Drone  
  33  3:04  Baneling Nest  
  33  3:05  Drone  
  34  3:07  Drone  
  34  3:10  Drone  
  34  3:11  Drone  
  37  3:14  Drone  
  37  3:19  Overlord  
  38  3:20  Drone  
  38  3:24  Drone  
  38  3:26  Drone  
  40  3:33  Evolution Chamber  
  40  3:34  Drone x2  
  40  3:38  Drone  
  43  3:42  Drone x2  
  43  3:43  Overlord, Drone  
  43  3:46  Overlord  
  46  3:49  Drone x2  
  46  3:54  Drone x2  
  50  3:55  Drone  
  50  4:01  Drone, Zerg Missile Weapons Level 1  
  50  4:02  Drone  
  53  4:07  Lair, Drone  
  54  4:11  Drone x2  
  54  4:12  Drone  
  56  4:18  Extractor x2  
  56  4:20  Drone  
  56  4:21  Drone  
  56  4:23  Roach Warren  
  56  4:24  Drone  
  56  4:28  Drone x3  
  56  4:31  Pneumatized Carapace  
  59  4:34  Drone x4  
  59  4:35  Drone  
  64  4:39  Drone x3  
  64  4:44  Drone x3, Extractor  
  68  4:54  Drone  
  68  4:55  Hatchery  
  68  4:57  Drone x3, Extractor  
  68  4:58  Extractor  
  68  4:59  Drone x2  
  71  5:00  Drone  
  71  5:01  Drone  
  71  5:05  Glial Reconstitution, Overseer  
  73  5:09  Overlord x2  
  73  5:10  Overlord  
  73  5:12  Overlord  
  73  5:15  Overlord  
  73  5:21  Evolution Chamber  
  72  5:29  Overlord  
  72  5:31  Drone x6  
  72  5:33  Roach  
  72  5:34  Roach x3  
  86  5:36  Overseer  
  86  5:38  Roach x2  
  86  5:42  Roach x3  
  96  5:44  Overlord  
  96  5:47  Zerg Ground Armor Level 1  
  96  5:50  Queen  
  96  5:53  Roach x2  
  102  6:01  Roach x2  
  102  6:03  Ravager  
  107  6:05  Drone  
  107  6:09  Roach  
  107  6:10  Roach x4  
  118  6:12  Overlord  
  118  6:19  Zerg Missile Weapons Level 2, Roach x4  
  118  6:23  Overlord x3  
  126  6:27  Roach x2  
  126  6:31  Overseer  
  130  6:33  Overlord  
  130  6:34  Roach x2  
  130  6:37  Overlord x2  
  134  6:40  Roach x2  
  134  6:41  Roach  
  134  6:46  Hydralisk Den  
  134  6:47  Spore Crawler  
  138  6:50  Spore Crawler  
  138  6:51  Drone x2, Spore Crawler x2  
  138  6:52  Drone  
  138  7:00  Drone x3  
  138  7:01  Extractor  
  140  7:05  Spore Crawler  
  139  7:14  Spore Crawler  
  138  7:15  Hydralisk  
  138  7:16  Grooved Spines, Hydralisk x5  
  138  7:17  Lurker Den  
  149  7:29  Hydralisk x3  
  155  7:31  Drone  
  155  7:43  Drone x3  
  155  7:45  Infestation Pit  
  154  7:53  Overlord x2  
  154  7:55  Hydralisk x3  
  154  7:56  Roach x9  
  178  8:01  Overlord  
  178  8:03  Overlord  
  178  8:10  Roach x3  
  182  8:15  Drone x2  
  184  8:23  Roach x7  
  196  8:35  Roach x3  
  192  8:46  Roach x7, Extractor  
  183  8:49  Drone x3  
Tags
 
Add a new tag
Caveats
  • Supply blocks, unpowered buildings, or Contaminate may cause inaccurate times.
  • Supply counts are checked every 10 seconds.